 Dungeon Crawl Stone Soup version 0.30-b1-2-g02819fbbbe (webtiles) character file.

Game seed: 15224682931419632848

31108 LLlMATKO the Fighter (level 13, -4/122 HPs)
             Began as a Minotaur Berserker on Aug 30, 2023.
             Was a High Priest of Trog.
             Slain by a skyshark (9 damage)
             ... on level 4 of the Lair of Beasts.
             The game lasted 00:14:52 (15527 turns).

LLlMATKO the Fighter (Minotaur Berserker)          Turns: 15527, Time: 00:14:53

Health: -4/122     AC: 22    Str: 26    XL:     13   Next: 24%
Magic:  12/12      EV: 11    Int:  7    God:    Trog [*****.]
Gold:   934        SH: 16    Dex: 11    Spells: 12/12 levels left

rFire   . . .        T - +0 war axe (flame)
rCold   . . .        M - +0 kite shield
rNeg    . . .        J - +0 plate armour
rPois   .            O - +1 hat {Int+3}
rElec   .            b - +0 cloak
rCorr   .            (no gloves)
SInv    .            E - +2 pair of boots
Will    ++...        k - amulet of reflection
Stlth   x              - ring of willpower
HPRegen 0.40/turn    K - ring of willpower
MPRegen 0.13/turn

%: reflection
@: about to teleport, on berserk cooldown, slowed, very slow
A: horns 2, retaliatory headbutt
a: Renounce Religion, Berserk, Trog's Hand, Brothers in Arms


You were on level 4 of the Lair of Beasts.
You worshipped Trog.
Trog was extremely pleased with you.
You visited 2 branches of the dungeon, and saw 14 of its levels.

You collected 934 gold pieces.

Inventory:

Hand Weapons
 m - a +0 broad axe
 v - a +0 war axe
 A - a +2 whip of venom
 I - the +8 trident of the Octopus King {venom, rElec rPois}
   (You found it on level 5 of the Dungeon)

   rElec:     It insulates you from electricity.
   rPois:     It protects you from poison.
 Q - a +3 war axe
 T - a +0 war axe of flaming (weapon)
Missiles
 l - 3 silver boomerangs (quivered)
 z - 2 throwing nets
 B - 11 poisoned darts
 H - 14 javelins
 N - 11 silver javelins
Armour
 b - a +0 cloak (worn)
 E - a +2 pair of boots (worn)
 J - a +0 plate armour (worn)
 M - a +0 kite shield (worn)
 O - a +1 hat of intelligence (worn)
Jewellery
 k - an amulet of reflection (around neck)
 r - a ring of resist corrosion
 x - a ring of willpower (left hand)
 K - a ring of willpower (right hand)
 W - a ring of flight
Wands
 a - a wand of mindburst (6)
 t - a wand of flame (11)
 y - a wand of iceblast (10)
 F - a wand of light (2)
 L - a wand of polymorph (2)
 R - a wand of charming (4)
Scrolls
 d - 3 scrolls of immolation
 f - 2 scrolls of teleportation
 g - 6 scrolls of vulnerability {unknown}
 h - 3 scrolls of butterflies {unknown}
 i - 7 scrolls of identify {unknown}
 j - 5 scrolls of enchant armour {unknown}
 s - 3 scrolls of blinking {unknown}
 u - a scroll of magic mapping
 w - 2 scrolls of brand weapon {unknown}
 V - 2 scrolls of noise {unknown}
 X - a scroll of enchant weapon {unknown}
 Y - a scroll of poison {unknown}
 Z - 2 scrolls of fog {unknown}
Potions
 c - 13 potions of curing {unknown}
 e - 3 potions of lignification {unknown}
 n - 5 potions of might {unknown}
 o - 6 potions of heal wounds {unknown}
 p - 5 potions of attraction {unknown}
 q - 2 potions of mutation {unknown}
 C - 3 potions of flight {unknown}
 D - a potion of brilliance {unknown}
 G - 3 potions of haste {unknown}
 P - a potion of ambrosia {unknown}
 S - a potion of magic {unknown}
 U - a potion of resistance {unknown}


   Skills:
 + Level 13.1 Fighting
 + Level 13.1 Axes
 + Level 12.9 Armour
 + Level 11.9 Dodging
 + Level 10.3 Shields


You had 12 spell levels left.
You didn't know any spells.
Your spell library was empty.

Dungeon Overview and Level Annotations

Branches:
Dungeon (10/15)            Temple (0/1) D:6            Lair (4/5) D:10
 Shoals (0/4) Lair:2       Spider (0/4) Lair:3
  Slime: Lair:4-5       Orc: D:9-12

Altars:
Gozag
Hepliaklqana
Nemelex Xobeh
Okawaru
Trog
Uskayaw
Vehumet
Wu Jian
Xom
Yredelemnul
Zin


Innate Abilities, Weirdness & Mutations

You have a pair of horns on your head.
You reflexively headbutt those who attack you in melee.


Message History

The skyshark bites you!
The skyshark tail-slaps you but does no damage.
The skyshark tail-slaps you.
You hit the skyshark. You burn the skyshark.
The skyshark is heavily wounded.
The skyshark bites you!
* * * LOW HITPOINT WARNING * * *
The skyshark tail-slaps you.
* * * LOW HITPOINT WARNING * * *
The skyshark tail-slaps you!
* * * LOW HITPOINT WARNING * * *
The skyshark bites you but does no damage.
You block the skyshark's attack. x2
Okay, then.
As you read the scroll labelled JIHIBR UNNUANN, it crumbles to dust.
The creatures around you are filled with an inner flame!
It was a scroll of immolation.
The skyshark bites you.
* * * LOW HITPOINT WARNING * * *
You block the skyshark's attack. x2
The skyshark bites you but does no damage.
The skyshark tail-slaps you!
* * * LOW HITPOINT WARNING * * *
You block the skyshark's attack.
You barely miss the skyshark.
You headbutt the skyshark, but do no damage.
The skyshark is heavily wounded.
You block the skyshark's attack. x2
The skyshark tail-slaps you but does no damage.
The skyshark barely misses you.
The skyshark tail-slaps you but does no damage.
The skyshark barely misses you.
As you read the scroll labelled ZEISTU FOFIRCH, it crumbles to dust.
You feel strangely unstable.
It was a scroll of teleportation.
You block the skyshark's attack. The skyshark barely misses you.
The skyshark tail-slaps you but does no damage.
The skyshark bites you.
* * * LOW HITPOINT WARNING * * *
The skyshark barely misses you. You block the skyshark's attack.
The skyshark bites you!
You die...

##....†#
##.....##.# ...
#.....#
#PP......##
.P.....#
#P........##
P...^.##
#....#P....###
#.....#
#....##......#
#.....#
#...#######..##
#....# ##...#
###.# #..####
### #...#@#
#..†l## #...##
#.....P#
###....#
##..... #......
#......#
#........


You could see a skyshark (berserk, inner flame).

Vanquished Creatures
  Rupert (Lair:3)
  Gastronok (D:8)
  A minotaur (Lair:1)
  2 two-headed ogres (D:8)
  A boulder beetle (D:8)
  5 death yaks (Lair:2)
  Amaemon (Lair:3)
  Pikel (D:8)
  An ugly thing (D:7)
  2 manticores
  9 elephants
  A cyclops (D:8)
  A black mamba (Lair:1)
  9 cane toads
  An orange demon (Lair:3)
  4 rime drakes
  Maggie (D:7)
  5 komodo dragons
  2 trolls
  A wind drake (Lair:2)
  A polar bear (Lair:4)
  2 hornets (D:8)
  A jumping spider (Lair:3)
  2 culicivoras (Lair:3)
  A wyvern (D:10)
  A wraith (D:9)
  23 yaks
  2 basilisks
  A redback (Lair:3)
  2 vampire mosquitoes (D:10)
  7 water moccasins
  A sky beast (D:6)
  8 orc warriors
  2 black bears
  2 ice beasts
  2 ogres (D:5)
  11 centaurs
  4 wolves
  A lemure (D:8)
  2 phantoms
  2 kobold brigands
  13 bullfrogs
  2 gnoll sergeants
  A wight (D:8)
  8 killer bees
  3 howler monkeys
  7 electric eels
  2 gnoll boudas
  5 hounds
  6 jellies
  4 orc priests
  13 orc wizards
  Terence (D:3)
  A sleepcap (D:5)
  3 iguanas
  10 adders
  9 gnolls (D:7)
  A white imp (D:8)
  An ufetubus (D:5)
  A worm (D:2)
  3 dart slugs
  26 orcs
  6 ball pythons
  7 endoplasms
  2 giant cockroaches
  6 goblins
  10 hobgoblins
  4 jackals (D:1)
  A quokka (D:4)
  7 bats
  5 frilled lizards
  6 kobolds
  9 rats
311 creatures vanquished.

Vanquished Creatures (others)
  14 fungi
  21 plants
35 creatures vanquished.

Grand Total: 346 creatures vanquished

Notes
Turn   | Place    | Note
-------+----------+-------------------------------------------
     0 | D:1      | LLlMATKO the Minotaur Berserker began the quest for the
                  | Orb.
     0 | D:1      | Reached XP level 1. HP: 19/19 MP: 0/0
   165 | D:1      | Reached XP level 2. HP: 27/27 MP: 1/1
   755 | D:2      | Reached XP level 3. HP: 31/33 MP: 2/2
  1028 | D:2      | Reached ** piety under Trog
  1566 | D:3      | Found a hide-covered altar of Uskayaw.
  1569 | D:3      | Reached XP level 4. HP: 41/41 MP: 3/3
  1841 | D:3      | Found a hazy altar of Hepliaklqana.
  1847 | D:3      | Noticed Terence
  1857 | D:3      | Killed Terence
  2342 | D:4      | Noticed a black bear
  2351 | D:4      | Killed a black bear
  2352 | D:4      | Reached XP level 5. HP: 47/47 MP: 4/4
  2522 | D:4      | Reached skill level 5 in Fighting
  2522 | D:4      | Reached skill level 5 in Axes
  2552 | D:4      | Found a bloodstained altar of Trog.
  2686 | D:4      | Found an ornate altar of the Wu Jian Council.
  2698 | D:4      | Reached XP level 6. HP: 56/56 MP: 5/5
  3064 | D:5      | Entered Level 5 of the Dungeon
  3400 | D:5      | Found the +8 trident of the Octopus King {venom, rElec
                  | rPois}
  3424 | D:5      | Reached *** piety under Trog
  3505 | D:5      | Reached skill level 5 in Armour
  3505 | D:5      | Reached XP level 7. HP: 55/62 MP: 6/6
  3581 | D:5      | Reached skill level 5 in Dodging
  3792 | D:6      | Found a shimmering altar of Xom.
  4021 | D:6      | Found a staircase to the Ecumenical Temple.
  4127 | D:6      | Found a basalt altar of Yredelemnul.
  4137 | D:6      | Reached XP level 8. HP: 58/71 MP: 7/7
  4529 | D:6      | Found a sparkling altar of Nemelex Xobeh.
  4530 | D:6      | Found an opulent altar of Gozag.
  4554 | D:7      | Noticed Maggie
  4577 | D:7      | Killed Maggie
  5448 | D:7      | Reached XP level 9. HP: 81/81 MP: 8/8
  6087 | D:8      | Reached skill level 1 in Shields
  6087 | D:8      | Reached **** piety under Trog
  6230 | D:8      | Found a glowing silver altar of Zin.
  6443 | D:8      | Noticed Gastronok
  6467 | D:8      | Killed Gastronok
  6468 | D:8      | Reached XP level 10. HP: 55/91 MP: 9/9
  6634 | D:8      | Noticed a manticore
  6636 | D:8      | Noticed a cyclops
  6647 | D:8      | Killed a manticore
  6649 | D:8      | Killed a cyclops
  6766 | D:8      | Noticed a two-headed ogre
  6768 | D:8      | Noticed a purple ugly thing
  6771 | D:8      | Killed a two-headed ogre
  6772 | D:8      | Reached skill level 5 in Shields
  6913 | D:8      | Noticed a boulder beetle
  6921 | D:7      | Killed a purple ugly thing
  6922 | D:7      | Reached skill level 10 in Fighting
  6922 | D:7      | Reached skill level 10 in Axes
  7085 | D:8      | Killed a boulder beetle
  7378 | D:8      | Identified the staff of fire "Amyesuv" {rPois rF+ rC+
                  | Will+++ Dex-3}
  7452 | D:8      | Paralysed by a hornet for 2 turns
  7456 | D:8      | Reached skill level 10 in Armour
  7570 | D:8      | Noticed a two-headed ogre
  7577 | D:8      | Reached XP level 11. HP: 99/99 MP: 10/10
  7580 | D:8      | Killed a two-headed ogre
  7680 | D:8      | Noticed Pikel
  7688 | D:8      | Killed Pikel
  8332 | D:8      | Found a glowing silver altar of Zin.
  8857 | D:9      | Found a radiant altar of Vehumet.
  9063 | D:10     | Entered Level 10 of the Dungeon
  9350 | D:10     | Found an iron altar of Okawaru.
  9679 | D:10     | Found a staircase to the Lair.
 10555 | D:10     | Found a staircase to the Lair.
 10641 | D:10     | Found an iron altar of Okawaru.
 10865 | Lair:1   | Entered Level 1 of the Lair of Beasts
 11019 | Lair:1   | Reached skill level 10 in Dodging
 11253 | Lair:1   | Found a runed translucent door.
 12224 | Lair:1   | Noticed a minotaur
 12234 | Lair:1   | Killed a minotaur
 12570 | Lair:2   | Reached XP level 12. HP: 105/111 MP: 11/11
 12845 | Lair:2   | Noticed a death yak
 12846 | Lair:2   | Noticed a death yak
 12846 | Lair:2   | Noticed a death yak
 12847 | Lair:2   | Noticed a death yak
 12847 | Lair:2   | Noticed a death yak
 12852 | Lair:2   | Killed a death yak
 12856 | Lair:2   | Killed a death yak
 12859 | Lair:2   | Killed a death yak
 12861 | Lair:2   | Killed a death yak
 12864 | Lair:2   | Killed a death yak
 13139 | Lair:2   | Reached ***** piety under Trog
 13276 | Lair:2   | Found a staircase to the Shoals.
 14196 | Lair:3   | Found a hole to the Spider Nest.
 14378 | Lair:3   | Noticed Amaemon
 14389 | Lair:3   | Killed Amaemon
 14690 | Lair:3   | Noticed Rupert
 14700 | Lair:3   | Killed Rupert
 14701 | Lair:3   | Reached skill level 10 in Shields
 14701 | Lair:3   | Reached XP level 13. HP: 119/119 MP: 12/12
 15527 | Lair:4   | HP: 5/122 [skyshark (4)]
 15527 | Lair:4   | Slain by a skyshark

Illustrated notes

Levels and vault maps discovered:
D:1:      doesnt_arrival_eight_statues, layout_basic
D:2:      layout_basic
D:3:      layout_loops_corners, lemuel_doored_altar,
          mainiacjoe_overflow_alcove_2, uniq_terence
D:4:      layout_layer_cave, amcnicky_altar_gilded, mainiacjoe_overflow_paths,
          nicolae_figureground_pulse
D:5:      minmay_diamond_boxcup, layout_rooms
D:6:      layout_loops_ring, grunt_temple_overflow_opulence,
          mainiacjoe_overflow_six_doors_small,
          mainiacjoe_overflow_small_starburst, minmay_temple_entry_waves
D:7:      layout_gridville, grunt_decor_cap, minmay_crystal_water,
          roderic_lattice_a, uniq_maggie
D:8:      nzn_winding_woodlands_stair_cross [nzn_winding_woodlands_5x15_garden,
          nzn_winding_woodlands_center_diamonds,
          nzn_winding_woodlands_5x15_split_checker,
          nzn_winding_woodlands_hourglass, nzn_winding_woodlands_5x5_three,
          nzn_winding_woodlands_5x15_sidewinder,
          nzn_winding_woodlands_center_triple_pond,
          nzn_winding_woodlands_5x15_zeroes], layout_basic, zin_statuary,
          uniq_pikel, uniq_gastronok
D:9:      layout_cave_pools, vehumet_altar_wand_db
D:10:     nicolae_whirlpool, layout_long_grid, mainiacjoe_overflow_tiny_flanked,
          erik_lair_island
Lair:1:   dreamdust_labyrinth, layout_loops_ring, grunt_megastairs_4,
          infiniplex_staircase_pool_2, serial_bayou_shore_a,
          serial_bayou_shore_b
Lair:2:   layout_regular_city, minmay_shoals_entry_beasts, beast_lair_carwin_6
Lair:3:   layout_roguey, spider_nest_entry_funnel_web, uniq_rupert, uniq_amaemon
Lair:4:   layout_hall_layers, uniq_urug

Skill      XL: |  1  2  3  4  5  6  7  8  9 10 11 12 13 |
---------------+----------------------------------------+-----
Axes           | 4 5 6 7 9 10 11 12 13 | 13.1
Fighting       | 4 5 6 7 9 10 11 12 13 | 13.1
Armour         | 3 4 5 6 7 8 10 11 12 | 12.9
Dodging        | 3 4 5 6 8 9 10 11 | 11.9
Shields        | 4 6 8 10 | 10.3

Action                     |  1- 3 |  4- 6 |  7- 9 | 10-12 | 13-15 || total
---------------------------+-------+-------+-------+-------+-------++-------
  Melee: Hand axe          |   106 |    22 |       |       |       ||   128
         Headbutt          |    13 |    11 |    39 |    86 |    20 ||   169
         War axe           |       |    72 |   197 |   451 |    78 ||   798
         Punch             |       |     1 |     1 |       |       ||     2
  Throw: Javelin           |       |       |     1 |       |       ||     1
         Boomerang         |       |       |       |     2 |     4 ||     6
 Invoke: Berserk           |     1 |     2 |     5 |    18 |     1 ||    27
    Use: Scroll            |       |       |       |     3 |     3 ||     6
   Stab: Sleeping          |     2 |       |       |       |       ||     2
 Armour: Animal skin       |    13 |       |       |       |       ||    13
         Scale mail        |       |    37 |    61 |    22 |       ||   120
         Plate armour      |       |       |       |   119 |    32 ||   151
  Dodge: Dodged            |    67 |    49 |   154 |   150 |    20 ||   440
  Block: Other             |     8 |    23 |    31 |       |       ||    62
         Reflection        |       |       |     9 |    26 |       ||    35
         Kite shield       |       |       |    39 |   326 |    57 ||   422
